 Dungeon Crawl Stone Soup version 0.24.0-13-gcf9b319 (webtiles) character file.

Game seed: 5566453683952333465, levelgen mode: deterministic

193 Bronimir the Stinger (level 5, -1/64 HPs)
             Began as a Naga Venom Mage on Apr 11, 2020.
             Was an Initiate of Vehumet.
             Slain by an orc wizard
             ... wielding a +0 dagger
              (3 damage)
             ... on level 3 of the Dungeon.
             The game lasted 00:10:13 (3871 turns).

Bronimir the Stinger (Naga Venom Mage)              Turns: 3871, Time: 00:10:14

Health: -1/64      AC: 22    Str: 11    XL:     5   Next: 72%
Magic:  7/9        EV:  1    Int: 20    God:    Vehumet [......]
Gold:   138        SH:  3    Dex: 12    Spells: 3/9 levels left

rFire    . . .     SeeInvis +   a - +0 spear
rCold    . . .     Gourm    .   r - +0 buckler
rNeg     + + +     Faith    .   (armour currently unavailable)
rPois    +         Spirit   .   (helmet currently unavailable)
rElec    .         Reflect  .   (cloak currently unavailable)
rCorr    .         Harm     .   (gloves currently unavailable)
MR       .....     NoTele   +   (no barding)
Stlth    ++........             (no amulet)
HPRegen  0.20/turn              (no ring)
MPRegen  0.11/turn              (no ring)

@: brilliant, short of breath, tree-form, very slightly contaminated, hasted and
slowed, invisible
A: large, see invisible, slow metabolism 1, spit poison 1, AC +1
a: Spit Poison, Renounce Religion


You were on level 3 of the Dungeon.
You worshipped Vehumet.
Vehumet was noncommittal.
You were not hungry.
You were a tree.
You visited 1 branch of the dungeon, and saw 4 of its levels.

You collected 138 gold pieces.

Inventory:

Hand Weapons
 a - a +0 spear (weapon)
 l - a +1 whip of venom
Missiles
 d - 112 stones (quivered)
 h - 20 arrows
Armour
 k - a +0 robe (melded)
 m - a +0 cloak (melded)
 n - a +0 ring mail
 r - a +0 buckler (worn)
 s - a +2 helmet (melded)
Wands
 j - a wand of digging (3)
Scrolls
 b - a scroll of remove curse
 e - a scroll of identify
 f - a scroll of fear
 g - 3 scrolls of amnesia
Potions
 i - a potion of haste
Comestibles
 c - 3 rations


   Skills:
 + Level 0.4 Fighting
 * Level 1.1 Polearms
 * Level 1.4 Armour
 * Level 2.3 Dodging
 - Level 3.0 Stealth
 * Level 1.0 Shields
 * Level 2.7 Spellcasting
 * Level 1.9 Conjurations
 * Level 5.3 Poison Magic


You had 3 spell levels left.
You knew the following spells:

 Your Spells              Type           Power        Failure   Level  Hunger
a - Sting                 Conj/Pois      ####         1%          1    None
b - Poisonous Vapours     Pois/Air       ####..       1%          2    ##.....
c - Mephitic Cloud        Conj/Pois/Air  ###.....     2%          3    ###....

Your spell library contained the following spells:

 Spells                   Type           Power        Failure   Level  Hunger
 Beastly Appendage        Tmut           ##....       2%          1    None
 Olgreb's Toxic Radiance  Pois           #####...     2%          4    ####...
 Venom Bolt               Conj/Pois      ####......   13%         5    ######.


Dungeon Overview and Level Annotations

Branches:
Dungeon (4/15)
 Temple: D:4-7

Altars:
Cheibriados
Kikubaaqudgha
Sif Muna
Uskayaw
Vehumet


Innate Abilities, Weirdness & Mutations

You cannot wear boots.
((Your serpentine skin is tough. (AC +1)))
You have supernaturally acute eyesight. (SInv)
((Armour fits poorly on your strangely shaped body.))
((Your system is resistant to poisons. (rPois)))
((You cover ground very slowly.))
You have a slow metabolism.
You can spit poison.


Message History

The orc wizard hits you but does no damage.
You miss the orc wizard.
The orc wizard is moderately wounded.
The orc wizard hits you but does no damage.
The orc hits you but does no damage.
The orc wizard hits you but does no damage. x2
Casting: Poisonous Vapours (safe; 1% risk of failure)
Confirm with . or Enter, or press ? or * to list all spells.
Aiming: Poisonous Vapours (safe; 1% risk of failure)
Press: ? - help, Dir - move target cursor, f/p - orc wizard
Aim: an orc wizard, wielding a +0 dagger and wearing a +0 robe (moderately wounded, poisoned) Poisonous vapours surround the orc wizard!
The orc wizard hits you but does no damage.
The orc hits you but does no damage.
The orc wizard is engulfed in poison gas.
The orc wizard looks even sicker.
The orc wizard gestures at you while chanting.
The puff of flame hits you but does no damage.
The orc wizard hits you with a +0 dagger.
You die...

##### ##...##
#[.)..##### #..♣o.)...#
############.[oo.###.#
#.).........>...####.#
#.##########.........#
#.# #[#######.# #.#
#.####....# #.#
########.##.#.##.# #.#
#..........#..##.#
#######
###.###.####.####.#.##.#
#.....#


You could see 2 orc wizards and an orc.

Vanquished Creatures
  A scorpion (D:3)
  An orc wizard (D:3)
  A hound skeleton (D:3)
  Robin (D:3)
  2 adders (D:3)
  An ooze (D:3)
  2 worms (D:2)
  An adder skeleton (D:4)
  A dart slug (D:4)
  A leopard gecko (D:3)
  An orc (D:4)
  2 ball pythons
  6 giant cockroaches
  12 goblins
  9 hobgoblins
  2 jackals (D:4)
  A quokka (D:3)
  A bat (D:1)
  4 frilled lizards
  6 kobolds
  11 rats
67 creatures vanquished.

Notes
Turn   | Place    | Note
-------+----------+-------------------------------------------
     0 | D:1      | Bronimir the Naga Venom Mage began the quest for the Orb.
     0 | D:1      | Reached XP level 1. HP: 15/15 MP: 3/3
   251 | D:1      | Reached XP level 2. HP: 19/22 MP: 1/5
  1176 | D:2      | Reached XP level 3. HP: 28/28 MP: 6/6
  1760 | D:2      | Learned a level 2 spell: Poisonous Vapours
  1764 | D:2      | Learned a level 3 spell: Mephitic Cloud
  2176 | D:3      | Reached XP level 4. HP: 23/36 MP: 4/7
  2290 | D:3      | Reached skill level 1 in Armour
  2718 | D:3      | Found an ancient bone altar of Kikubaaqudgha.
  2720 | D:3      | Found a shimmering blue altar of Sif Muna.
  2722 | D:3      | Found a radiant altar of Vehumet.
  2733 | D:3      | Reached skill level 5 in Poison Magic
  2734 | D:3      | Identified Sif Muna's Almanac of Transformation
  2743 | D:3      | Became a worshipper of Vehumet
  2823 | D:4      | Found a hide-covered altar of Uskayaw.
  2849 | D:4      | Found a snail-covered altar of Cheibriados.
  2858 | D:4      | Noticed an ogre
  2866 | D:4      | Noticed Robin
  3163 | D:3      | Reached skill level 1 in Polearms
  3163 | D:3      | Reached XP level 5. HP: 21/43 MP: 1/8
  3646 | D:3      | Killed Robin
  3695 | D:3      | Reached skill level 1 in Shields
  3857 | D:3      | HP: 3/64 [orc wizard/magic dart (3)]
  3860 | D:3      | HP: 1/64 [orc (2)]
  3871 | D:3      | Slain by an orc wizard

Levels and vault maps discovered:
D:1:      dpeg_arrival_rhombus, layout_basic
D:2:      layout_basic
D:3:      layout_loops_ring, grunt_temple_overflow_magic_moments, first_ration
D:4:      layout_basic, kennysheep_slug_shrine, lemuel_crystal_altar,
          overflow_temple_1_default, uniq_robin

Skill      XL: |  1  2  3  4  5 |
---------------+----------------+-----
Dodging        | 2 |  2.3
Armour         | 1 |  1.4
Poison Magic   | 5 |  5.3
Polearms       | 1 |  1.1
Shields        | 1 |  1.0
Fighting       | |  0.4
Stealth        | |  3.0
Spellcasting   | |  2.7
Conjurations   | |  1.9

Action                   |  1- 3 |  4- 6 || total
-------------------------+-------+-------++-------
Melee: Unarmed           |    16 |       ||    16
       Spear             |    59 |    68 ||   127
 Cast: Sting             |    26 |    19 ||    45
       Poisonous Vapours |     1 |    15 ||    16
       Mephitic Cloud    |       |     2 ||     2
 Abil: Spit Poison       |    23 |     9 ||    32
  Use: Potion            |     2 |     4 ||     6
       Scroll            |       |     5 ||     5
 Stab: Sleeping          |       |     2 ||     2
  Eat: Chunk             |     1 |     6 ||     7
       Ration            |     1 |       ||     1
Armor: Robe              |    15 |    32 ||    47
       Skin              |       |    36 ||    36
Dodge: Dodged            |    55 |    61 ||   116
Block: Buckler           |       |    17 ||    17
